 Dungeon Crawl Stone Soup version 0.17-a0-1655-g88a8506 (webtiles) character file.

4347 matakusis the Covert (level 10, -11/66 HPs)
             Began as a Vampire Enchanter on Aug 15, 2015.
             Was a Follower of Dithmenos.
             Mangled by an orc warrior
             ... wielding a +0 glaive
              (26 damage)
             ... on level 9 of the Dungeon.
             The game lasted 01:05:20 (10301 turns).

matakusis the Covert (Vampire Enchanter)           Turns: 10301, Time: 01:05:20

Health: -11/66     AC:  7    Str:  5    XL:     10   Next: 12%
Magic:  9/16       EV: 18    Int: 19    God:    Dithmenos [*.....]
Gold:   546        SH:  0    Dex: 17    Spells: 4 memorised, 5 levels left

rFire  + + .     SeeInvis +     y - +1 dagger (speed)
rCold  . . .     Clarity  .     h - +1 leather armour {rF+}
rNeg   + + .     SustAt   .     (no shield)
rPois  .         Gourm    .     (no helmet)
rElec  .         Spirit   .     q - +0 cloak
rCorr  .         Warding  +     (no gloves)
rMut   .         Stasis   .     (no boots)
MR     +....                    r - amulet of warding
Stlth  +++++++...               m - +4 ring of protection
                                t - +3 ring of evasion

@: wreathed by umbra, somewhat resistant to hostile enchantments, extremely
stealthy
A: fangs 3, see invisible, berserk 1, deformed body, fire resistance 1,
screaming 1, spit poison 1, weak 1, unbreathing
a: Spit Poison, Bat Form, Renounce Religion


You were on level 9 of the Dungeon.
You worshipped Dithmenos.
Dithmenos was aware of your devotion.
You were not thirsty.

You visited 2 branches of the dungeon, and saw 10 of its levels.
You also visited: Ossuary.

You collected 546 gold pieces.

Inventory:

Hand weapons
 y - a +1 dagger of speed (weapon)
Armour
 h - a +1 leather armour of fire resistance (worn)
 q - a +0 cloak (worn)
Jewellery
 b - an uncursed ring of invisibility
 m - a +4 ring of protection (right hand)
 r - an amulet of warding (around neck)
 t - a +3 ring of evasion (left hand)
Magical devices
 n - a wand of teleportation (7)
 w - a wand of magic darts (37)
 x - a wand of teleportation (5)
 C - a wand of heal wounds (3)
Scrolls
 e - 5 scrolls of remove curse
 f - a scroll of magic mapping
 g - a scroll of teleportation
 j - 2 scrolls of identify
 u - a scroll of amnesia
 z - a scroll of fear
Potions
 a - a potion of haste
 d - 7 potions of blood
 l - a potion of brilliance
 o - a potion of berserk rage
 p - 3 potions of heal wounds
 s - a potion of lignification
 v - a potion of cancellation
 A - a potion of magic
 B - a potion of resistance
 D - a potion of might
Books
 c - a book of Maledictions

   Spells                             Type                      Level
   a - Corona                         Hexes                        1
   b - Ensorcelled Hibernation        Hexes/Ice                    2
   c - Confuse                        Hexes                        3
   d - Tukima's Dance                 Hexes                        3
   e - Dazzling Spray                 Conjuration/Hexes            3
 i - a book of Summonings

   Spells                             Type                      Level
   a - Recall                         Summoning/Translocation      3
   b - Aura of Abjuration             Summoning                    5
   c - Shadow Creatures               Summoning                    5
   d - Summon Demon                   Summoning                    5
   e - Summon Forest                  Summoning/Translocation      5
   f - Summon Mana Viper              Hexes/Summoning              5
 k - a book of the Dragon

   Spells                             Type                      Level
   a - Flame Tongue                   Conjuration/Fire             1
   b - Cause Fear                     Hexes                        4
   c - Bolt of Fire                   Conjuration/Fire             6
   d - Dragon Form                    Transmutation                7
   e - Dragon's Call                  Summoning                    9


   Skills:
 - Level 1.5 Fighting
 * Level 6.8 Short Blades
 + Level 6.4 Dodging
 * Level 13.3 Stealth
 + Level 4.0 Spellcasting
 * Level 10.9 Hexes
 * Level 1.8 Summonings
 - Level 0.3 Evocations


You had 5 spell levels left.
You knew the following spells:

 Your Spells              Type           Power        Failure   Level  Hunger
a - Corona                Hex            #####..      1%          1    None
b - Confuse               Hex            #####...     1%          3    ###....
c - Tukima's Dance        Hex            #####...     1%          3    ###....
d - Summon Mana Viper     Hex/Summ       ####....     56%         5    ######.


Dungeon Overview and Level Annotations

Branches:
Dungeon (9/15)             Temple (1/1) D:7            Lair (0/8) D:9
    Orc (0/4) D:9

Altars:
Ashenzari
Cheibriados
Dithmenos
Elyvilon
Fedhas
Gozag
Kikubaaqudgha
Makhleb
Nemelex Xobeh
Okawaru
Qazlal
Ru
Sif Muna
Trog
Vehumet
Xom
Yredelemnul
Zin
The Shining One
Beogh

Shops:
D:5 %   D:6 ?   D:9 *


Innate Abilities, Weirdness & Mutations

You have razor-sharp teeth.
You have supernaturally acute eyesight.
You can survive without breathing.
You tend to lose your temper in combat.
Armour fits poorly on your strangely shaped body.
Your flesh is heat resistant.
You occasionally shout uncontrollably at your foes.
You can spit weak poison.
You are weak. (Str -2)


Message History

The orc is almost dead.
You hit the orc.
You kill the orc!
Dithmenos accepts your kill.
There is an open door here.
You hit the orc warrior but do no damage.
You hit the orc warrior.
The orc warrior is lightly wounded.
You hit the orc warrior but do no damage.
The orc warrior is lightly wounded.
The orc warrior hits you with a glaive!
* * * LOW HITPOINT WARNING * * *
You hit the orc warrior but do no damage.
The orc warrior is lightly wounded.
You barely miss the orc warrior. Your bite misses the orc warrior.
The orc warrior is lightly wounded.
You hit the orc warrior.
The orc warrior is lightly wounded.
The orc warrior hits you with a glaive!!
You die...

............o.')#...+.#...#
.....[........#.#...#####'##
+##'#....#'####'#..........#
+..'....+.'..).'..........#
#####....#.###'##..........#
........##.##.)....###+##'##
........+...+......'...+..#
........###.#(.....#+####'#
##+##.....#.##+#@..#.####.#
+.....+....'o..'.#....#
#.....#....#.(.#.+....#
#.....######...######.#
#...#### #......####'#
+...'..+ +......+....#
#...#'###+#...........#
......##..#...#+#..≈≈.≈≈.#
......+...'...+....≈...≈.#


You could see an orc warrior (confused).

Vanquished Creatures
  2 wyverns
  Eustachio (D:6)
  A hippogriff (D:8)
  Menkaure (D:6)
  Edmund (D:6)
  3 orc warriors
  2 ogres (D:4)
  A phantom (D:7)
  2 ice beasts
  A necrophage (D:7)
  Blork the orc (D:4)
  6 giant frogs
  A centaur (D:6)
  A wyvern skeleton (D:6)
  9 scorpions
  5 jellies (D:5)
  3 killer bees (D:7)
  6 hounds
  A crimson imp (D:5)
  A wasp zombie (D:9)
  A human zombie (Ossuary)
  An iguana (D:8)
  3 worker ants
  8 orc priests
  10 orc wizards
  3 big kobold zombies (Ossuary)
  A hound zombie (D:7)
  A hound skeleton (D:4)
  2 mummies (Ossuary)
  8 adders
  2 shadow imps
  An ooze (D:3)
  An adder zombie (D:5)
  A worm (D:2)
  2 adder skeletons
  A giant gecko (D:6)
  53 orcs
  2 ball pythons (D:3)
  8 giant cockroaches
  11 goblins
  9 hobgoblins
  13 jackals
  5 kobolds
  11 bats
  8 giant newts
  A gnoll zombie (Ossuary)
  2 hobgoblin zombies (Ossuary)
  A jackal skeleton (D:8)
  An orc zombie (Ossuary)
  5 quokkas
  A quokka skeleton (D:4)
  A quokka zombie (D:8)
  15 rats
  A spectral orc (D:4)
243 creatures vanquished.

Vanquished Creatures (collateral kills)
  2 ogres
  A killer bee (D:7)
3 creatures vanquished.

Vanquished Creatures (others)
  A fungus (D:6)
1 creature vanquished.

Grand Total: 247 creatures vanquished

Notes
Turn   | Place    | Note
--------------------------------------------------------------
     0 | D:1      | matakusis the Vampire Enchanter began the quest for the Orb.
     0 | D:1      | Reached XP level 1. HP: 13/13 MP: 3/3
   113 | D:1      | Reached XP level 2. HP: 1/19 MP: 3/5
  1024 | D:1      | Reached XP level 3. HP: 20/24 MP: 6/6
  1100 | D:2      | Found a stormy altar of Qazlal.
  1345 | D:2      | Learned a level 3 spell: Confuse
  1363 | D:2      | Reached skill level 5 in Hexes
  1678 | D:2      | Reached skill level 5 in Stealth
  1722 | D:2      | Reached XP level 4. HP: 28/31 MP: 0/7
  2300 | D:3      | Reached XP level 5. HP: 33/36 MP: 8/8
  2347 | D:3      | Reached skill level 6 in Stealth
  2451 | D:3      | Reached skill level 1 in Fighting
  2616 | D:3      | Found a shimmering altar of Xom.
  3077 | D:3      | Reached XP level 6. HP: 38/43 MP: 5/9
  3125 | D:3      | Gained mutation: Your body sometimes deteriorates upon taking damage. [potion of mutation]
  3125 | D:3      | Gained mutation: You are partially covered in iridescent scales (AC +4). [potion of mutation]
  3126 | D:3      | Lost mutation: Your body sometimes deteriorates upon taking damage. [potion of cure mutation]
  3126 | D:3      | Lost mutation: You are partially covered in iridescent scales (AC +4). [potion of cure mutation]
  3177 | D:4      | Reached skill level 7 in Stealth
  3320 | D:4      | Upgraded the game from 0.17-a0-1651-gae1a69f to 0.17-a0-1655-g88a8506
  3454 | D:4      | Found a sparkling altar of Nemelex Xobeh.
  3579 | D:4      | Found a basalt altar of Yredelemnul.
  3705 | D:4      | Reached XP level 7. HP: 15/48 MP: 0/10
  4007 | D:4      | Noticed Blork the orc
  4087 | D:4      | Killed Blork the orc
  4087 | D:4      | Reached skill level 8 in Stealth
  4274 | D:4      | Learned a level 3 spell: Tukima's Dance
  4520 | D:5      | Entered Level 5 of the Dungeon
  4520 | D:5      | Found Nuoturis's Food Emporium.
  5005 | D:5      | Found a sand-covered staircase.
  5026 | Ossuary  | Entered an ossuary
  5317 | Ossuary  | Reached skill level 9 in Stealth
  5347 | Ossuary  | Reached XP level 8. HP: 43/54 MP: 11/11
  5453 | Ossuary  | Gained mutation: You tend to lose your temper in combat. [mutagenic glow]
  5607 | Ossuary  | Gained mutation: Your flesh is heat resistant. [potion of mutation]
  5607 | Ossuary  | Gained mutation: You are weak. (Str -2) [potion of mutation]
  5608 | Ossuary  | Gained mutation: You occasionally shout uncontrollably at your foes. [potion of mutation]
  5608 | Ossuary  | Gained mutation: Armour fits poorly on your strangely shaped body. [potion of mutation]
  5608 | Ossuary  | Gained mutation: You can spit weak poison. [potion of mutation]
  5869 | D:5      | Found a sacrificial altar of Ru.
  5966 | D:6      | Noticed Eustachio
  5973 | D:6      | Killed Eustachio
  5973 | D:6      | Reached skill level 5 in Short Blades
  5973 | D:6      | Reached skill level 5 in Dodging
  5973 | D:6      | Reached skill level 10 in Stealth
  6203 | D:6      | Found Lyeko's Magic Scroll Shoppe.
  6339 | D:6      | Noticed Menkaure
  6345 | D:6      | Killed Menkaure
  6470 | D:6      | Noticed Edmund
  6472 | D:6      | Killed Edmund
  6504 | D:6      | Reached skill level 11 in Stealth
  6513 | D:6      | Found a shattered altar of Ashenzari.
  6604 | D:6      | Found a radiant altar of Vehumet.
  6764 | D:6      | Reached XP level 9. HP: 59/59 MP: 13/13
  7551 | D:6      | Reached skill level 10 in Hexes
  7618 | D:6      | Learned a level 5 spell: Summon Mana Viper
  7846 | D:7      | Found a blossoming altar of Fedhas.
  7847 | D:7      | Found a staircase to the Ecumenical Temple.
  7861 | Temple   | Entered the Ecumenical Temple
  8112 | Temple   | Became a worshipper of Dithmenos the Shadowed
  8265 | D:7      | Reached skill level 12 in Stealth
  8339 | D:7      | Reached skill level 1 in Summonings
  9228 | D:8      | Found a white marble altar of Elyvilon.
  9281 | D:8      | Found an ancient bone altar of Kikubaaqudgha.
  9379 | D:8      | Found a bloodstained altar of Trog.
  9385 | D:8      | Reached skill level 13 in Stealth
  9514 | D:8      | Reached XP level 10. HP: 66/66 MP: 15/15
  9695 | D:8      | You fall through a shaft!
  9924 | D:9      | Found an ancient bone altar of Kikubaaqudgha.
  9957 | D:9      | Found a staircase to the Lair.
 10140 | D:9      | Found a staircase to the Orcish Mines.
 10169 | D:9      | Found an opulent altar of Gozag.
 10175 | D:9      | Found Gozag's Platinum Reserve.
 10232 | D:9      | Found a roughly hewn altar of Beogh.
 10301 | D:9      | Mangled by an orc warrior

Vault maps used:
D:1:      dpeg_arrival_lava_altar
D:2:      nicolae_qazlal_general_emergency
D:3:      xom_teletrap_fun
D:4:      yredelemnul_forgotten_temple_becter,
          nemelex_xobeh_ov_fountains_minmay, first_bread, moated_statue,
          serial_park_tiny_1, kennysheep_small_circle, uniq_blork_the_orc
D:5:      kennysheep_mini, serial_shops, shop, nicolae_ossuary_entry_ruins
D:6:      old_forge, lemuel_round_altar, serial_shops, shop, basic_altar,
          minmay_tree_intersection, uniq_menkaure, uniq_eustachio, uniq_edmund
D:7:      fedhas_altar_1, minmay_temple_entry_large_hall, corexii_hall_statues_u
D:8:      elyvilon_altar_1, old_standard_altar, kiku_gazebo_pond_becter
D:9:      nicolae_gozag_zags_fifth_avenue, lair_0_dummy,
          minmay_orc_entry_temple_small, basic_altar, hangedman_fish_farm,
          solitary_fountain
Temple:   jpeg_temple_alley_garden_8
Ossuary:  ossuary_crypta

Action                   |  1- 3 |  4- 6 |  7- 9 | 10-12 || total
-------------------------+-------+-------+-------+-------++-------
Melee: Dagger            |   189 |   320 |   657 |    74 ||  1240
 Cast: Corona            |     4 |       |       |       ||     4
       Confuse           |     4 |    14 |    44 |    10 ||    72
       Tukima's Dance    |       |       |     2 |       ||     2
 Abil: Evoke Invisibilit |     1 |       |     5 |       ||     6
  Use: Scroll            |       |     8 |    11 |     6 ||    25
       Potion            |       |     9 |    12 |       ||    21
 Stab: Sleeping          |    10 |     9 |    30 |     3 ||    52
       Confused          |     2 |     6 |    26 |     4 ||    38
       Invisible         |       |       |     3 |       ||     3
       Distracted        |       |       |     2 |       ||     2
  Eat: Corpse            |    14 |    11 |    23 |     3 ||    51
